 Dungeon Crawl Stone Soup version 0.29.1-15-g9cfb28693d (webtiles) character file.

Game seed: 7317049177932236589

3669 BeingJoeMalik the Spear-Bearer (level 10, 0/81 (84) HPs)
             Began as a Naga Fighter on Feb 27, 2023.
             Was a Follower of Kikubaaqudgha.
             Slain by a wight
             ... wielding a +5 morningstar
              (7 damage)
             ... on level 8 of the Dungeon.
             The game lasted 00:20:04 (8851 turns).

BeingJoeMalik the Spear-Bearer (Naga Fighter)       Turns: 8851, Time: 00:20:04

HP:   0/81 (84)     AC:  6    Str: 18    XL:     10   Next: 12%
MP:   10/10         EV:  7    Int: 11    God:    Kikubaaqudgha [*.....]
Gold: 220           SH:  5    Dex: 13    Spells: 8/9 levels left

rFire   . . .      SeeInvis +   r - +2 trident (venom)
rCold   . . .      Faith    .   c - +0 buckler
rNeg    . . .      Spirit   .   b - +0 scale mail
rPois   +          Reflect  .   (no helmet)
rElec   .          Harm     .   k - scarf {repulsion}
rCorr   +          Rampage  .   (no gloves)
Will    +....                   (no barding)
Stlth   ..........              (no amulet)
HPRegen 0.23/turn               g - ring of resist corrosion
MPRegen 0.12/turn               (no ring)

@: lightly drained, repel missiles, very slow
A: AC +3, large, see invisible, deformed body, poison resistance, slowness 2,
spit poison 1, naga tail 1
a: Spit Poison, Renounce Religion, Unearth Wretches


You were on level 8 of the Dungeon.
You worshipped Kikubaaqudgha.
Kikubaaqudgha was aware of your devotion.
You visited 1 branch of the dungeon, and saw 8 of its levels.

You collected 414 gold pieces.
You spent 194 gold pieces at shops.

Inventory:

Hand Weapons
 a - a +1 trident
 r - a +2 trident of venom (weapon)
Missiles
 e - 25 poisoned darts
 w - 2 throwing nets
Armour
 b - a +0 scale mail (worn)
 c - a +0 buckler (worn)
 k - a scarf of repulsion (worn)
 o - a +0 kite shield
Jewellery
 g - a ring of resist corrosion (left hand)
Wands
 p - a wand of acid (16)
 v - a wand of paralysis (7)
Scrolls
 d - 2 scrolls of torment
 j - 2 scrolls of blinking
 n - a scroll of fear
 s - a scroll of magic mapping
 x - a scroll of poison
 y - a scroll of identify
Potions
 f - a potion of resistance {unknown}
 h - a potion of mutation
 l - 2 potions of curing
 m - 2 potions of brilliance {unknown}
 q - a potion of magic {unknown}
 t - a potion of lignification {unknown}
 u - a potion of heal wounds
 z - a potion of haste


   Skills:
 - Level 3.0 Fighting
 + Level 13.4 Polearms
 - Level 2.4 Armour
 + Level 5.2 Shields


You had 8 spell levels left.
You knew the following spells:

 Your Spells              Type           Power      Damage    Failure   Level
a - Necrotise             Necr           0%         1d4       80%         1

Your spell library contained the following spells:

 Spells                   Type           Power      Damage    Failure   Level
 Slow                     Hex            0%         N/A       80%         1
 Sublimation of Blood     Necr           0%         N/A       91%         2
 Wereblood                Tmut           0%         N/A       91%         2
 Call Canine Familiar     Summ           0%         N/A       99%         3
 Confusing Touch          Hex            0%         N/A       99%         3
 Portal Projectile        Hex/Tloc       0%         N/A       99%         3
 Vampiric Draining        Necr           0%         2d6       99%         3
 Anguish                  Hex/Necr       0%         N/A       100%        4
 Leda's Liquefaction      Hex/Erth       0%         N/A       100%        4
 Summon Hydra             Summ           0%         N/A       100%        7


Dungeon Overview and Level Annotations

Branches:
Dungeon (8/15)             Temple (0/1) D:7
   Lair: D:8-11

Altars:
Ashenzari
Gozag
Hepliaklqana
Kikubaaqudgha
Ru
Wu Jian

Shops:
D:2 (   D:3 :

Annotations:
D:4 4 runed translucent doors


Innate Abilities, Weirdness & Mutations

Your serpentine skin is tough. (AC +3)
You have supernaturally acute eyesight. (SInv)
Armour fits poorly on your strangely shaped body.
Your system is resistant to poisons. (rPois)
You cover ground very slowly.
You can spit poison.
You have a snake-like lower body.


Message History

You closely miss the wight.
The wight is moderately damaged.
You hit the wight.
The wight is heavily damaged.
The wight hits you with a +0 scimitar!
You hit the wight.
The wight is almost destroyed.
The wight hits you with a +0 scimitar!
You closely miss the wight.
The wight is almost destroyed.
You hit the wight but do no damage.
The wight is almost destroyed.
The wight hits you with a +0 scimitar.
You feel drained.
You barely miss the wight.
The wight is almost destroyed.
The wight barely misses you.
You hit the wight but do no damage.
The wight is almost destroyed.
You hit the wight.
You destroy the wight!
Kikubaaqudgha accepts your kill.
A black bear comes into view.
The black bear growls angrily.
A wight comes into view. It is wielding a +5 morningstar.
Things that are here:
a +0 dagger; a +0 robe
Things that are here:
a +0 flail; a +0 leather armour The wight hits you with a +5 morningstar.
You feel drained. The wight attacks as you move away!
The wight hits you with a +4 falchion.
* * * LOW HITPOINT WARNING * * *
The wight attacks as you move away! You block the wight's attack. x2
The wight attacks as you move away!
The wight hits you with a +5 morningstar!
* * * LOW HITPOINT WARNING * * *
The wight attacks as you move away!
The wight hits you with a +5 morningstar!
You die...
Kikubaaqudgha rasps: "You have failed me!
Welcome... death!"

#..#.# ##.##### #.#.#h #..#.#
##.... .. #####. #..#.# #...# #.
# #... #..#.######...# #.#. #.)#
#.###..#...<......####..#####.#.
#...)<..........#..#.##...#.h#.#
#####...#.#####.#.#.###.##.##.#.
#...#.# #.z.h.)...).#..#..
####...#.## #@#.###'###.###...
#.........####.#.#P...P#...####
#................#.###.#..###.#
#..(......######.#.#)#.#.####..
####...#.........#.#+#.#..##.#.
#...#######.#.#.. ..#.#....#
#...# #...#######.##.##. #####
##................
#..............##


You could see a black bear and a wight.

Vanquished Creatures
  A two-headed ogre (D:4)
  An ugly thing (D:8)
  A hornet (D:8)
  A wyvern (D:8)
  A water moccasin (D:6)
  5 ice beasts
  2 ogres (D:5)
  2 centaurs (D:7)
  A kobold brigand (D:8)
  4 bullfrogs
  3 necrophages
  2 scorpions (D:5)
  A wight (D:8)
  A howler monkey (D:8)
  3 hounds
  5 jellies
  3 iguanas
  8 orc wizards
  8 adders
  2 white imps
  3 ufetubi
  6 worms
  3 dart slugs
  25 orcs
  8 ball pythons
  6 bats
  3 bat zombies (D:4)
  7 endoplasms
  A giant cockroach (D:4)
  4 goblins
  7 hobgoblins
  6 kobolds
  3 quokkas
  3 frilled lizards
  5 rats
145 creatures vanquished.

Vanquished Creatures (others)
  A fungus (D:1)
  8 plants (D:8)
9 creatures vanquished.

Grand Total: 154 creatures vanquished

Notes
Turn   | Place    | Note
-------+----------+-------------------------------------------
     0 | D:1      | BeingJoeMalik the Naga Fighter began the quest for the Orb.
     0 | D:1      | Reached XP level 1. HP: 21/21 MP: 1/1
   304 | D:1      | Reached XP level 2. HP: 28/28 MP: 2/2
   315 | D:1      | Found a faded altar of an unknown god.
   777 | D:2      | Reached skill level 3 in Polearms
   803 | D:1      | Reached XP level 3. HP: 29/34 MP: 3/3
   805 | D:1      | Reached skill level 4 in Polearms
   896 | D:2      | Reached XP level 4. HP: 22/42 MP: 4/4
  1587 | D:2      | Found Dettupe's Weapon Emporium.
  1599 | D:2      | Reached skill level 5 in Polearms
  1599 | D:2      | Reached XP level 5. HP: 49/49 MP: 5/5
  2581 | D:3      | Found Ustayt's Book Boutique.
  3194 | D:4      | Reached skill level 6 in Polearms
  3265 | D:4      | Reached XP level 6. HP: 52/56 MP: 6/6
  3330 | D:4      | Found a broken altar of Ashenzari.
  3428 | D:4      | Found a sacrificial altar of Ru.
  3456 | D:4      | Found a large runed translucent door.
  3457 | D:4      | Found a large runed translucent door.
  3460 | D:4      | Found a large runed translucent door.
  3460 | D:4      | Found a large runed translucent door.
  3657 | D:4      | Noticed a two-headed ogre
  3661 | D:4      | Killed a two-headed ogre
  3662 | D:4      | Reached skill level 8 in Polearms
  3662 | D:4      | Reached XP level 7. HP: 62/62 MP: 7/7
  3662 | D:4      | Reached XP level 8. HP: 69/69 MP: 8/8
  4255 | D:4      | Reached skill level 9 in Polearms
  4302 | D:4      | Found an ancient bone altar of Kikubaaqudgha.
  4311 | D:4      | Became a worshipper of Kikubaaqudgha
  4642 | D:5      | Entered Level 5 of the Dungeon
  4828 | D:5      | Reached skill level 10 in Polearms
  5682 | D:2      | Bought a +2 trident of venom for 194 gold pieces
  6040 | D:6      | Reached skill level 11 in Polearms
  6040 | D:6      | Reached XP level 9. HP: 31/75 MP: 9/9
  6266 | D:6      | Found an ornate altar of the Wu Jian Council.
  6500 | D:6      | Noticed a boulder beetle
  6712 | D:6      | Reached * piety under Kikubaaqudgha
  6712 | D:6      | Received a gift from Kikubaaqudgha
  6715 | D:6      | Learned a level 1 spell: Necrotise
  6921 | D:6      | Found a hazy altar of Hepliaklqana.
  7350 | D:7      | Reached skill level 12 in Polearms
  7655 | D:7      | Found a staircase to the Ecumenical Temple.
  7848 | D:7      | Found an opulent altar of Gozag.
  8431 | D:8      | Noticed a green ugly thing
  8453 | D:8      | Killed a green ugly thing
  8454 | D:8      | Reached skill level 13 in Polearms
  8454 | D:8      | Reached skill level 5 in Shields
  8454 | D:8      | Reached XP level 10. HP: 45/84 MP: 10/10
  8783 | D:8      | Noticed a harpy
  8851 | D:8      | Slain by a wight

Illustrated notes

Levels and vault maps discovered:
D:1:      roderic_crossed_star, layout_loops_ring,
          shapermc_ecumenical_altar_acropolis
D:2:      layout_loops_cross, serial_shops, nicolae_shop_crystal
D:3:      layout_basic, serial_shops, nicolae_shop_window_shopping,
          minmay_misc_feat_ornament
D:4:      layout_cave_pods, lemuel_zombie_altar_kikubaaqudgha,
          nicolae_ru_path_of_blood, general_overflow_altar,
          minmay_hollow_rounded_squares
D:5:      layout_rooms
D:6:      layout_rooms, nzn_hepliaklqana_mist_gate,
          nicolae_wu_jian_immortal_techniques, minmay_stone_trees_large,
          eino_tiny_chamber, lightli_corner_chamber
D:7:      minmay_evil_eye, layout_gridville, mainiacjoe_overflow_24_doors,
          minmay_temple_entry_offerings
D:8:      layout_loops_ring, ebering_ghost_reflecting_pool,
          minmay_shattered_shrine

Skill      XL: |  1  2  3  4  5  6  7  8  9 |
---------------+----------------------------+-----
Polearms       | 3 4 5 6 8 11 13 | 13.4
Shields        | 3 5 |  5.2
Fighting       | |  3.0
Armour         | |  2.4

Action                   |  1- 3 |  4- 6 |  7- 9 | 10-12 || total
-------------------------+-------+-------+-------+-------++-------
Melee: Trident           |    59 |   150 |   305 |    29 ||   543
 Abil: Spit Poison       |    17 |    35 |    32 |       ||    84
Evoke: Wand              |       |       |     2 |       ||     2
  Use: Scroll            |       |     7 |     3 |       ||    10
       Potion            |       |     2 |     4 |     1 ||     7
Armor: Scale mail        |    16 |    43 |    90 |     2 ||   151
Dodge: Dodged            |    18 |    37 |    68 |     2 ||   125
       Repelled          |       |       |     1 |       ||     1
Block: Buckler           |    11 |    21 |    51 |     4 ||    87
